[Event "*** Titled Tuesday Blitz"]
[Site "Chess.com"]
[Date "2020.05.05"]
[Round "10"]
[White "yarosavich"]
[Black "thedjoker98"]
[Result "1-0"]
[WhiteElo "2696"]
[BlackElo "2496"]
[TimeControl "180+1"]
[EndTime "11:59:44 PDT"]
[Termination "yarosavich won by resignation"]

1. d4 d5 2. c4 c6 3. cxd5 cxd5 4. Nf3 Nf6 5. Nc3 Nc6 6. Bf4 Nh5 7. Bd2 Nf6 8. Bf4 Nh5 9. Bg5 h6 10. Bd2 Nf6 11. Bf4 Nh5 12. Be3 Nf6 13. h3 Bf5 14.
Qb3 Na5 15. Qa4+ Bd7 16. Qc2 Rc8 17. Bf4 e6 18. e3 Nc4 19. Bxc4 Rxc4 20. Ne5 Rc8 21.
Qb3 Qb6 22. Qxb6 axb6 23. Nxd7 Kxd7 24. a3 Bd6 25. Bxd6 Kxd6 26. f3 Rc4 27. Kd2 Rhc8 28.
Rac1 e5 29. b3 R4c6 30. dxe5+ Kxe5 31. Ne2 Rxc1 32. Nxc1 Nd7 33. Nd3+ Kd6 34. Rb1 b5 35. Nb4 Ra8 36. Nc2 Nc5 37. Nd4 Ne6 38. Nxb5+ Kc5 39. a4 Kb4 40. Nc3 Rd8 41. Ne2 d4 42. exd4 Nxd4 43.
Nxd4 Rxd4+ 44. Ke3 Rd6 45. g4 Rc6 46. Kf4 Rc3 47.
Re1 g5+ 48. Kg3 Rxb3 49. Re7 Kxa4 50. Rxf7 Rb6 51. h4 gxh4+ 52. Kxh4 Ka5 53. f4 Ka6 54. f5 Rd6 55. f6 b5 56. Kh5 b4 57.
Kg6 b3 58. Re7 Kb5 59. Rb7+ Rb6 60. Rxb6+ Kxb6 61. f7 b2 62. f8=Q b1=Q+ 63. Kxh6 Qh1+ 64. Kg7 Qa1+ 65. Qf6+ 1-0

[Event "*** Titled Tuesday Blitz"]
[Site "Chess.com"]
[Date "2020.05.05"]
[Round "10"]
[White "atalz0"]
[Black "RaphaeI"]
[Result "0-1"]
[WhiteElo "2477"]
[BlackElo "2633"]
[TimeControl "180+1"]
[EndTime "11:59:44 PDT"]
[Termination "RaphaeI won by resignation"]

1. d4 Nf6 2. c4 g6 3. f3 Bg7 4. e4 d6 5. Nc3 O-O 6. Be3 c5 7. dxc5 dxc5 8. Qxd8 Rxd8 9. Bxc5 Nc6 10. Nge2 Nd7 11.
Be3 Nde5 12. Nf4 b6 13. Rc1 Ba6 14. b3 e6 15. Be2 g5 16. Nh5 Nd3+ 17. Bxd3 Rxd3 18.
Nxg7 Rxe3+ 19. Kd2 Rxc3 20. Kxc3 Kxg7 21. Rhd1 e5 22. Rd5 Nd4 23. Rd1 Kf6 24. Rd6+ Ke7 25.
Rh6 Rg8 26. Rxh7 g4 27. f4 Ne2+ 28. Kb4 Nxf4 29. g3 Ne6 30. Rf1 Ng5 31. Rh5 Bb7 32. Rh4 Nxe4 33. Re1 Ke6 34. Rh6+ Nf6 35. a4 Bf3 36. a5 e4 37. axb6 axb6 38. Kb5 Kf5 39. Kxb6 Rb8+ 40. Kc7 Rxb3 41. c5 Kg5 42. Rh8 Rc3 43.
c6 e3 44. Rc8 Rxc6+ 45. Kd8 Rxc8+ 46. Kxc8 e2 47. Kc7 Ne4 48. Kd7 Nf2 0-1

[Event "*** Titled Tuesday Blitz"]
[Site "Chess.com"]
[Date "2020.05.05"]
[Round "10"]
[White "ChadBiryani"]
[Black "talaicito"]
[Result "1-0"]
[WhiteElo "2337"]
[BlackElo "2196"]
[TimeControl "180+1"]
[EndTime "11:59:45 PDT"]
[Termination "ChadBiryani won on time"]

1. d4 e6 2. Nf3 f5 3. g4 fxg4 4. Ne5 Nf6 5. Bg5 h6 6. Qd3 hxg5 7. Qg6+ Ke7 8. Qf7+ Kd6 9. Nc3 c6 10. e4 Qe8 11.
Qxe8 Nxe8 12. Nf7+ Kc7 13. Nxh8 Bb4 14. O-O-O d6 15. Nf7 Nd7 16. Nxg5 Nf8 17. Be2 Nf6 18. Rhg1 e5 19. d5 Bxc3 20. bxc3 Ng6 21. c4 Nf4 22. Kd2 a5 23. Ke3 a4 24. Rb1 a3 25. Rb3 Ra4 26. Bd3 c5 27. f3 gxf3 28. Nxf3 Ng4+ 29. Kd2 g6 30. Rg3 Nf2 31. Ke3 Nd1+ 32. Kd2 Nb2 33.
Ng5 Nxc4+ 34. Bxc4 Rxc4 35. Rxa3 Rd4+ 36. Ke1 Rb4 37.
Rab3 Ra4 38. h4 Rxa2 39. Kd2 Ra1 40. Nf3 Rh1 41. Ra3 Rf1 42. Ne1 Rf2+ 43. Kd1 Re2 44.
Rab3 Rxe4 45. Nd3 Rd4 46. Kc1 Rxd5 47. Nxf4 exf4 48. Rxg6 c4 49. Rg7+ Kc6 50. Rf3 1-0

[Event "*** Titled Tuesday Blitz"]
[Site "Chess.com"]
[Date "2020.05.05"]
[Round "10"]
[White "lachesisQ"]
[Black "Anton_Demchenko"]
[Result "0-1"]
[WhiteElo "3076"]
[BlackElo "2874"]
[TimeControl "180+1"]
[EndTime "11:59:46 PDT"]
[Termination "Anton_Demchenko won by resignation"]

1. e4 e5 2. Nf3 Nc6 3. Bb5 a6 4.
Ba4 d6 5. d4 b5 6. Bb3 Nxd4 7. Nxd4 exd4 8. Qxd4 c5 9. Qd5 Be6 10.
Qc6+ Bd7 11. Qd5 c4 12. Bxc4 bxc4 13. Qxc4 Nf6 14. Nc3 Be7 15. O-O O-O 16. Re1 Be6 17. Qd3 Qc8 18. b3 Rd8 19. Bb2 d5 20. exd5 Nxd5 21.
Nxd5 Rxd5 22. Qe2 Bc5 23. Rad1 Bg4 24. Rxd5 Bxe2 25. Rxe2 Bf8 26. c4 Qc6 27. Bc1 Re8 28.
Be3 h6 29. g3 Be7 30. Red2 Bf6 31. a4 Bg5 32. Bxg5 hxg5 33. h3 Re1+ 34. Kg2 Rb1 35. Rd3 Qb7 36. a5 Rxb3 37. Rxb3 Qxb3 38. Rxg5 Qxc4 39. h4 Qe4+ 40. Kg1 Qd4 41. Rf5 f6 42. h5 Kf7 43. Kh2 Ke6 44. Rf4 Qd5 45. h6 gxh6 46. Ra4 Qb3 47. Re4+ Kf7 48. Rf4 Qa2 49. Rf5 Kg6 50. g4 h5 51. Rxh5 Qxf2+ 52. Kh3 Qf3+ 53. Kh2 Qxg4 54. Rh8 Qb4 55. Rg8+ Kf7 0-1

[Event "*** Titled Tuesday Blitz"]
[Site "Chess.com"]
[Date "2020.05.05"]
[Round "10"]
[White "mishikomchedlishvili"]
[Black "theblitzchamp"]
[Result "0-1"]
[WhiteElo "2837"]
[BlackElo "2704"]
[TimeControl "180+1"]
[EndTime "11:59:46 PDT"]
[Termination "theblitzchamp won by resignation"]

1. d4 Nf6 2. Bg5 c5 3. d5 Qb6 4. Nc3 Qxb2 5. Bd2 Qb6 6. e4 d6 7. f4 g6 8. Nf3 Bg7 9. Rb1 Qd8 10. Bb5+ Bd7 11. e5 dxe5 12. fxe5 Nxd5 13. Nxd5 Bxb5 14. Bg5 Bc6 15. Nxe7 Qxd1+ 16. Rxd1 Bxf3 17. gxf3 Nd7 18. Nd5 Bxe5 19. f4 Bb8 20. Bh6 f6 21. Kf2 Kf7 22. Rhg1 Re8 23. Rg3 Nb6 24. Re3 Rxe3 25. Kxe3 Ke6 26. c4 Nxc4+ 27. Kf3 Nb6 28. Nc3 Bc7 29. Nb5 Bd8 30. Rd6+ Kf7 31. Rd3 Be7 32. f5 c4 33.
Re3 Nd5 34. Re2 a6 35. Nd4 Rc8 36. fxg6+ hxg6 37. Bc1 c3 38. Ke4 Nb4 39. a3 Nc6 40.
Nf3 Bd6 41. Kd3 Ne5+ 42. Nxe5+ Bxe5 43. Kc2 b5 0-1

[Event "*** Titled Tuesday Blitz"]
[Site "Chess.com"]
[Date "2020.05.05"]
[Round "10"]
[White "GM_Levan_Pantsulaia"]
[Black "hansen"]
[Result "1-0"]
[WhiteElo "2804"]
[BlackElo "2928"]
[TimeControl "180+1"]
[EndTime "11:59:47 PDT"]
[Termination "GM_Levan_Pantsulaia won on time"]

1. Nf3 Nf6 2. g3 g6 3. b3 Bg7 4. Bb2 O-O 5. Bg2 c6 6. c4 d5 7. d3 Bg4 8. Nbd2 Nbd7 9. O-O Bxf3 10. Nxf3 e6 11. Rc1 a5 12. Qc2 Qe7 13. a3 Ne8 14. d4 Nd6 15. Nd2 Rfd8 16. e3 h5 17. h4 Nf5 18.
Bh3 Nf6 19. cxd5 cxd5 20. Bxf5 gxf5 21. Nf3 Ne4 22. Ne5 Qe8 23. Qe2 f6 24. Nd3 Bh6 25.
Nf4 Bxf4 26. exf4 Rac8 27. Kh2 a4 28. f3 Nd6 29. bxa4 Rxc1 30. Bxc1 Kf7 31. a5 Nc4 32. g4 hxg4 33. fxg4 Qh8 34. Kg3 fxg4 35. f5 e5 36. dxe5 Nxe5 37. Bf4 Re8 38. Qb5 Re7 39. Qxd5+ Kg7 40. Rc1 Qe8 41. Re1 Nc6 42. Re6 Qf8 43.
Bd6 Qd8 44. h5 Kh7 45. Qe4 Rf7 46. Kh4 Qxa5 47. Qxg4 Rg7 48. Qf3 Qd2 49. Bf4 Qc1 50. Bxc1 Nd4 51. Qe4 1-0

[Event "*** Titled Tuesday Blitz"]
[Site "Chess.com"]
[Date "2020.05.05"]
[Round "10"]
[White "NikolaGry"]
[Black "Azeryahu"]
[Result "1/2-1/2"]
[WhiteElo "2648"]
[BlackElo "2871"]
[TimeControl "180+1"]
[EndTime "11:59:47 PDT"]
[Termination "Game drawn - insufficient material"]

1. e4 d6 2. d4 Nf6 3. Nc3 c6 4. f4 b5 5. Bd3 e5 6. Nf3 Bg4 7. dxe5 dxe5 8. fxe5 Nfd7 9. Bf4 Bb4 10. Qd2 O-O 11. O-O-O Qa5 12. Kb1 Be6 13. a3 Bxa3 14. Nd5 Qxd2 15. Rxd2 cxd5 16. bxa3 Nb6 17. Bxb5 dxe4 18.
Ng5 Bc4 19. Bxc4 Nxc4 20. Rd4 Nxa3+ 21. Kb2 Nc6 22. Rxe4 Nb5 23. e6 f6 24. Nf7 Rfe8 25.
Rd1 Nbd4 26. Nd6 Rxe6 27. Rdxd4 Nxd4 28. Rxd4 Re2 29. Rc4 Rxg2 30. Rc7 a5 31. Nf5 a4 32. Bg3 a3+ 33. Ka2 g6 34. Ne7+ Kf7 35. Nd5+ Ke8 36.
Nxf6+ Kd8 37. Rc3 Rc8 38. Rxc8+ Kxc8 39. Nxh7 Rxc2+ 40. Kxa3 Rc5 41. Nf6 Kd8 42. Kb4 Rf5 43. Ne4 Ke7 44. Kc4 Ke6 45. Kd4 Rf1 46. Ke3 Kf5 47. Nf2 g5 48. Kf3 Ra1 49. Kg2 Ra2 50. h3 Ra4 51. Kh2 g4 52. hxg4+ Rxg4 53. Nxg4 Kxg4 1/2-1/2

[Event "*** Titled Tuesday Blitz"]
[Site "Chess.com"]
[Date "2020.05.05"]
[Round "10"]
[White "Megagigahiper3345"]
[Black "maciek_92"]
[Result "1-0"]
[WhiteElo "2557"]
[BlackElo "2697"]
[TimeControl "180+1"]
[EndTime "11:59:47 PDT"]
[Termination "Megagigahiper3345 won by resignation"]

1. d4 Nf6 2. c4 e6 3. Nf3 b6 4. g3 Ba6 5. Qc2 Bb7 6. Bg2 Be7 7. O-O O-O 8. Nc3 c5 9. d5 exd5 10. Nd2 Nc6 11. Nxd5 Nxd5 12. cxd5 Nb4 13. Qb3 d6 14. a3 Na6 15. Nc4 Rb8 16. a4 Nb4 17. Rd1 Re8 18. e4 Bf8 19. Bd2 Na6 20. Bc3 Nc7 21. f4 Ba6 22. Ne3 b5 23. axb5 Rxb5 24. Qc2 Rb7 25. e5 Bb5 26. e6 Na8 27. f5 Nb6 28. f6 g6 29. e7 Bxe7 30. fxe7 Qxe7 31. Ng4 Nd7 32. Qf2 f5 33. Re1 Qd8 34. Nh6+ Kf8 35. Nxf5 Rxe1+ 36. Rxe1 gxf5 37. Qxf5+ Nf6 38. Re6 Rf7 39.
Rxf6 Qd7 40. Qxd7 Bxd7 41. Rxf7+ Kxf7 42. Be4 h6 43. Kf2 h5 44. Ke3 a6 45. Kf4 Bg4 46.
h4 Ke7 47. Bf3 1-0

[Event "*** Titled Tuesday Blitz"]
[Site "Chess.com"]
[Date "2020.05.05"]
[Round "10"]
[White "warmoatmeal"]
[Black "mjray79"]
[Result "0-1"]
[WhiteElo "2045"]
[BlackElo "2248"]
[TimeControl "180+1"]
[EndTime "11:59:49 PDT"]
[Termination "mjray79 won by checkmate"]

1. d4 Nf6 2. Nf3 g6 3. c4 Bg7 4. Nc3 d6 5. Bg5 O-O 6. e3 c5 7.
Be2 Nc6 8. d5 Nb8 9. O-O Nbd7 10.
Rc1 Rb8 11. b3 a6 12. a4 Ne8 13. Nd2 Nc7 14. Nde4 Nf6 15. Nxf6+ exf6 16. Bh4 Bd7 17.
Bg3 Be8 18. a5 b5 19. axb6 Rxb6 20. Qc2 f5 21. Rfd1 Qf6 22. Na4 Rb4 23. Nxc5 dxc5 24. Bxc7 Bd7 25. d6 f4 26. e4 g5 27. Rd5 g4 28. e5 Qh6 29. g3 f3 30. Bf1 Rxb3 31. Qxb3 Qxc1 32. Qe3 Qb1 33. Rxc5 Bf5 34. Rd5 Be6 35. Rd4 Bd7 36. e6 fxe6 37. Rxg4 e5 38. Rxg7+ Kxg7 39. Qxe5+ Rf6 40. Qe7+ Rf7 41. Qg5+ Kh8 42.
Qd8+ Kg7 43. Bb6 Qd1 44. Qg5+ Kh8 45. Qd8+ Kg7 46. Qg5+ Kf8 47. Bd8 Bh3 48. Be7+ Ke8 49. Qg8+ Kd7 50. Qd8+ Ke6 51. Qc7 Qxf1# 0-1

[Event "*** Titled Tuesday Blitz"]
[Site "Chess.com"]
[Date "2020.05.05"]
[Round "10"]
[White "Stronger1799"]
[Black "Margarita2907"]
[Result "1-0"]
[WhiteElo "2251"]
[BlackElo "1994"]
[TimeControl "180+1"]
[EndTime "11:59:49 PDT"]
[Termination "Stronger1799 won by resignation"]

1. e4 c5 2. Nf3 d6 3. d4 cxd4 4. Nxd4 Nf6 5. Nc3 a6 6. f3 e5 7. Nb3 Be6 8. Be3 Be7 9. Qd2 Nbd7 10. g4 b5 11. g5 b4 12. Ne2 Nh5 13. Ng3 Nxg3 14.
hxg3 a5 15. f4 g6 16. Bh3 Bxh3 17. Rxh3 a4 18. Nc1 Rc8 19. Nd3 Nc5 20. Bxc5 dxc5 21. Nxe5 Qxd2+ 22. Kxd2 c4 23. Rah1 Rd8+ 24. Ke2 c3 25. bxc3 bxc3 26. Nd3 h5 27. gxh6 O-O 28. g4 Rfe8 29. h7+ Kh8 30. Ne5 Rd2+ 31. Ke1 Rf8 32.
Rxc3 Rg2 33. Rc7 Bb4+ 34. c3 Rc2 35. Nxf7+ Rxf7 36. Rxf7 Rc1+ 37. Kd2 Rxh1 38. cxb4 Rh2+ 39. Kd3 Rxa2 40. e5 Rb2 41. e6 Rxb4 42. e7 Rb3+ 43. Kc4 Re3 44. Rf8+ Kxh7 45. e8=Q 1-0

[Event "*** Titled Tuesday Blitz"]
[Site "Chess.com"]
[Date "2020.05.05"]
[Round "10"]
[White "shnitez"]
[Black "Danfii"]
[Result "1/2-1/2"]
[WhiteElo "2482"]
[BlackElo "2348"]
[TimeControl "180+1"]
[EndTime "11:59:50 PDT"]
[Termination "Game drawn by agreement"]

1. e4 e5 2. Nf3 Nc6 3. Bb5 Nf6 4.
d3 Bc5 5. Bxc6 dxc6 6. Nbd2 Be6 7. Qe2 Nd7 8. Nb3 Bb6 9. Ng5 Bxb3 10. axb3 h6 11.
Qh5 Qe7 12. O-O g6 13. Qh4 O-O-O 14. Nf3 g5 15. Qg4 Kb8 16. Be3 f6 17. Ra4 h5 18.
Qf5 Rdg8 19. Rfa1 a6 20. b4 h4 21. h3 Nf8 22. Nh2 Ne6 23. Ng4 Rf8 24. c4 Bd4 25. b5 cxb5 26. cxb5 Bxb2 27. R1a2 Bd4 28. bxa6 b6 29.
a7+ Ka8 30. Rc4 Ng7 31. Qf3 Ne6 32. Rac2 c5 33. Ra2 Rh7 34. Rca4 Qd6 35. Ra6 Rhf7 36. Nh6 Rb7 37. Nf5 Qd7 38. Qg4 Nc7 39. Bxd4 cxd4 40. R6a3 Nb5 41. Rb3 Nc3 42. Rab2 b5 43. Rb4 Kxa7 44.
Kh2 Kb8 45. Qf3 Qc7 1/2-1/2

[Event "*** Titled Tuesday Blitz"]
[Site "Chess.com"]
[Date "2020.05.05"]
[Round "10"]
[White "BocharovD"]
[Black "Grischuk"]
[Result "0-1"]
[WhiteElo "2894"]
[BlackElo "3115"]
[TimeControl "180+1"]
[EndTime "11:59:51 PDT"]
[Termination "Grischuk won by resignation"]

1. c4 e5 2. g3 c6 3. d4 e4 4.
Nc3 Bb4 5. Qb3 Bxc3+ 6. Qxc3 d5 7. b3 a5 8. Bg2 Nf6 9. Ba3 Na6 10. Nh3 b5 11. cxb5 cxb5 12. Bc1 h6 13. O-O O-O 14. Bf4 Bf5 15. f3 Rc8 16. Qd2 Re8 17. Rfc1 Qb6 18.
Nf2 Nb4 19. Bh3 Bxh3 20. Nxh3 Qe6 21. Kg2 e3 22. Qd1 Nc6 23. Qd3 b4 24. g4 Ne7 25.
Bg3 g5 26. Rc5 Rxc5 27. dxc5 Nc6 28. Rd1 d4 29. Bd6 Nd5 30. Kg3 Nc3 31. Rf1 Nxa2 32. f4 Nc3 33. fxg5 Ne4+ 34. Kg2 hxg5 35. Rf5 f6 36.
Qb5 Rc8 37. Qb7 Nd8 38. Qa6 Nf7 39. Qb7 Nfxd6 40. cxd6 Nxd6 41. Qa6 Re8 42. Rxa5 Qxg4+ 43. Kh1 Qxh3 0-1

[Event "*** Titled Tuesday Blitz"]
[Site "Chess.com"]
[Date "2020.05.05"]
[Round "10"]
[White "VerdeNotte"]
[Black "Shota_Azaladze"]
[Result "1-0"]
[WhiteElo "2854"]
[BlackElo "2712"]
[TimeControl "180+1"]
[EndTime "11:59:51 PDT"]
[Termination "VerdeNotte won by resignation"]

1. e4 g6 2. d4 Bg7 3. Nc3 c6 4. f4 d5 5. e5 f6 6. Be3 Nh6 7. h3 Qb6 8. a3 fxe5 9. fxe5 O-O 10. Nf3 Nf5 11. Bf2 Bh6 12. h4 Be3 13. Na4 Qa5+ 14. c3 Bxf2+ 15. Kxf2 Nd7 16. h5 b5 17. Nc5 Nxc5 18.
dxc5 g5 19. Nxg5 Qc7 20. Nf3 e6 21. Bd3 Qg7 22. Bxf5 Rxf5 23. Qd4 Bd7 24. Rh4 Kh8 25. h6 Qg6 26. Qg4 Qf7 27. Qg7+ Qxg7 28. hxg7+ Kxg7 29. Rah1 Rh8 30. Rg4+ Kf7 31. Ke3 h5 32. Rf4 Rxf4 33.
Kxf4 Kg6 34. Rh3 Rf8+ 35. Ke3 a5 36. Rg3+ Kh6 37. Rh3 Kg6 38. Rh4 Rf5 39. Rf4 Rxf4 40. Kxf4 Be8 41. Ng5 Bd7 42. b3 Bc8 43. Nf3 Bd7 44.
Nd4 Kh6 45. a4 bxa4 46. bxa4 h4 47. Kg4 Kg6 48. Nb3 Bc8 49. Nxa5 Ba6 50. Nxc6 Bf1 51. Nd4 Bxg2 52. Nxe6 h3 53. Nf4+ Kf7 54. Nxh3 Ke6 55. Nf4+ Kxe5 56. Nxg2 1-0

[Event "*** Titled Tuesday Blitz"]
[Site "Chess.com"]
[Date "2020.05.05"]
[Round "10"]
[White "vinniethepooh"]
[Black "RaunakSadhwani2005"]
[Result "1/2-1/2"]
[WhiteElo "2686"]
[BlackElo "2859"]
[TimeControl "180+1"]
[EndTime "11:59:51 PDT"]
[Termination "Game drawn by repetition"]

1. d4 f5 2. g3 Nf6 3. Bg2 g6 4. Nf3 Bg7 5. O-O O-O 6. b3 b6 7. Ne5 Ne4 8. Nd2 Bb7 9. Nxe4 fxe4 10. Bb2 d6 11. Ng4 Nd7 12. c4 Nf6 13. Ne3 e6 14. Rc1 c5 15. Qd2 Qe7 16. Rfd1 Rad8 17. h3 h5 18. h4 Bh6 19. Qc3 Kh7 20. Bh3 Rf7 21. Ba1 Rdf8 22. Bb2 Bc8 23. dxc5 bxc5 24. Rc2 Ne8 25. Rf1 Ng7 26. Bg2 Bb7 27. Rcc1 Nf5 28. Nxf5 gxf5 29. e3 Rg8 30. Kh2 e5 31. Qc2 Rg6 32.
Rcd1 Rfg7 33. Qe2 f4 34. exf4 Bxf4 35. Qxh5+ Kg8 36. Bc1 e3 37. Bxe3 Bxg2 38. Kxg2 Bxe3 39. fxe3 Rxg3+ 40. Kf2 Qf6+ 41. Ke1 Qe6 42. Kf2 Qh3 43. Qe8+ Kh7 44. Qh5+ Kg8 45. Qe8+ Kh7 46. Qh5+ Kg8 1/2-1/2

[Event "*** Titled Tuesday Blitz"]
[Site "Chess.com"]
[Date "2020.05.05"]
[Round "10"]
[White "AttilaTurzo"]
[Black "VinzentSpitzl"]
[Result "0-1"]
[WhiteElo "2487"]
[BlackElo "2397"]
[TimeControl "180+1"]
[EndTime "11:59:51 PDT"]
[Termination "VinzentSpitzl won by resignation"]

1. e4 c6 2. d4 d5 3. Nc3 dxe4 4. Nxe4 Nf6 5. Nxf6+ exf6 6. c3 Bd6 7. Bd3 O-O 8. Ne2 Re8 9. O-O Nd7 10. Bf4 Nf8 11. Qd2 Be6 12. Rfe1 Ng6 13. Bxd6 Qxd6 14. Ng3 Rad8 15.
b3 Qd7 16. Rad1 b6 17. Bf1 c5 18. d5 Bf5 19. c4 Rxe1 20. Rxe1 Ne5 21. Qf4 Bg6 22.
h3 h6 23. Qe3 Qd6 24. Ne4 Bxe4 25. Qxe4 g6 26. g3 Kf8 27. Bg2 Nd7 28. Qh4 Kg7 29. Qg4 Ne5 30. Qe2 a5 31. a3 Nd7 32.
a4 Ne5 33. f4 Nd7 34. Qe7 Qxe7 35. Rxe7 Nf8 36. Kf2 Rd6 37. Ke3 Nd7 38. g4 Kf8 39. Re4 f5 40. gxf5 gxf5 41. Re5 Nxe5 42. fxe5 Rg6 43.
Kf2 Ke7 44. Bf3 f4 45. Bg4 Rg5 46. Kf3 Rxe5 47. Kxf4 Re1 48. Bd7 Kxd7 0-1

[Event "*** Titled Tuesday Blitz"]
[Site "Chess.com"]
[Date "2020.05.05"]
[Round "10"]
[White "chessuriel"]
[Black "MartinMatthiesen"]
[Result "0-1"]
[WhiteElo "2215"]
[BlackElo "2434"]
[TimeControl "180+1"]
[EndTime "11:59:51 PDT"]
[Termination "MartinMatthiesen won on time"]

1. e4 c5 2. Nf3 d6 3. d4 cxd4 4. Nxd4 Nf6 5. Nc3 a6 6. Bc4 e6 7.
Bb3 Nbd7 8. Bg5 Nc5 9. f4 Be7 10. Qf3 b5 11. O-O-O Bb7 12. Rhe1 b4 13. Nd5 exd5 14.
exd5 Nxb3+ 15. Qxb3 Bxd5 16. Qh3 O-O 17. Nf5 Be6 18.
Nxe7+ Qxe7 19. f5 Rfe8 20. fxe6 fxe6 21. Re3 e5 22. Rf1 Rf8 23. Ref3 Rac8 24. Bxf6 gxf6 25. Rxf6 Rxc2+ 26. Kxc2 Rxf6 27. Qc8+ Kg7 28. Qg4+ Rg6 29. Qe4 Qe6 30. Kb1 d5 31. Qxb4 Rf6 32. Rc1 e4 33.
Rc7+ Rf7 34. Qd4+ Kg6 35. Rc3 Rf5 36. Rg3+ Rg5 37. Rxg5+ Kxg5 38. Qg7+ Qg6 39. Qe7+ Kf5 40. Qd7+ Qe6 41. Qxh7+ Kf4 42. Qh4+ Ke3 43. Qg3+ Ke2 44. a3 Qf5 45. Qc3 Qf1+ 46. Ka2 Qd1 47. Qe5 Qd3 48.
Qh5+ Kf2 49. Qh4+ Kf1 0-1

[Event "*** Titled Tuesday Blitz"]
[Site "Chess.com"]
[Date "2020.05.05"]
[Round "10"]
[White "reniite"]
[Black "Klavdia_Nik"]
[Result "1-0"]
[WhiteElo "1954"]
[BlackElo "1942"]
[TimeControl "180+1"]
[EndTime "11:59:51 PDT"]
[Termination "reniite won on time"]

1. e4 c5 2. Nf3 Nc6 3. d4 cxd4 4. Nxd4 Nf6 5. Nc3 e6 6. Ndb5 d6 7. Bf4 e5 8. Bg5 a6 9. Na3 Be6 10. Nd5 Bxd5 11. exd5 Nd4 12. c3 Nf5 13. Qa4+ Ke7 14.
Bd3 b5 15. Qc2 Nh6 16. O-O Ng8 17. f4 Qb6+ 18. Kh1 h6 19. fxe5 hxg5 20. exf6+ Nxf6 21. Rae1+ Kd8 22. Qd2 g4 23. Qg5 Rh6 24. Nc2 Qc5 25.
Ne3 Ra7 26. Nxg4 Rh5 27. Re8+ Kxe8 28. Nxf6+ gxf6 29. Qxh5 Re7 30. Qf3 Re5 31. Qxf6 Qxd5 32. Bg6 Re7 33. Bb1 Qe6 34. Qxe6 Rxe6 35. Bd3 Bh6 36. h3 Re3 37. Rd1 Ke7 38. Kg1 Re5 39. Kf2 Be3+ 40. Kf3 Bc5 41. Be4 Bb6 42. Rd5 Re6 43.
g4 Bc7 44. g5 Bb6 45. h4 1-0

[Event "*** Titled Tuesday Blitz"]
[Site "Chess.com"]
[Date "2020.05.05"]
[Round "10"]
[White "kinga2008"]
[Black "Antelacus"]
[Result "1-0"]
[WhiteElo "2125"]
[BlackElo "2259"]
[TimeControl "180+1"]
[EndTime "11:59:52 PDT"]
[Termination "kinga2008 won on time"]

1. e4 c5 2. Nf3 d6 3. c3 Nf6 4. Bd3 g6 5. Bc2 Bg7 6. d4 O-O 7. O-O Bg4 8. h3 Bxf3 9. Qxf3 cxd4 10. cxd4 Nc6 11. Be3 Rc8 12. Nc3 Qa5 13. a3 Qh5 14.
Qxh5 Nxh5 15. Rfd1 Na5 16. Rac1 Nc4 17. Nd5 Rfe8 18.
Ba4 Nxe3 19. Bxe8 Rxc1 20. Rxc1 Nxd5 21. exd5 Bxd4 22. Rc7 Kf8 23. Rc8 Kg7 24. Rc7 Nf6 25.
Ba4 Nxd5 26. Rxb7 Kf6 27. Bb3 Nf4 28. Rb4 Ke5 29. g3 Nxh3+ 30. Kg2 Ng5 31. f4+ Ke4 32.
fxg5 f6 33. gxf6 exf6 34. Rb7 h5 35. Bc2+ Kd5 36. Bxg6 Kc6 37. Re7 Bxb2 38. a4 Kb6 39.
Bxh5 Be5 40. Bf3 a5 41. Rb7+ Ka6 42. Rb5 Bc3 43. g4 Be5 44. Be2 Ka7 45. Rxa5+ Kb6 46. Rb5+ Kc6 47. Kf3 Bd4 48. a5 Bc5 49. a6 1-0

[Event "*** Titled Tuesday Blitz"]
[Site "Chess.com"]
[Date "2020.05.05"]
[Round "10"]
[White "kakakz"]
[Black "quesfr"]
[Result "1-0"]
[WhiteElo "2426"]
[BlackElo "2265"]
[TimeControl "180+1"]
[EndTime "11:59:53 PDT"]
[Termination "kakakz won on time"]

1. d4 d5 2. Nf3 Nf6 3. g3 c5 4. Bg2 cxd4 5. O-O g6 6. Nxd4 Bg7 7. c4 O-O 8. Nc3 dxc4 9. Ndb5 Nc6 10. Bf4 e5 11.
Bg5 a6 12. Nd6 Qc7 13. Nxc4 Be6 14. Qd6 Qc8 15. Nb6 Qd8 16. Qxd8 Raxd8 17. Ne4 Nxe4 18. Bxd8 Nd2 19. Bc7 Nxf1 20. Kxf1 f6 21. b3 Rf7 22. Bd6 Bf8 23. Rd1 Nd4 24. Bxf8 Kxf8 25. e3 Nb5 26. Rd8+ Kg7 27. a4 Na3 28. b4 Nc4 29. Nd5 Nb2 30.
a5 Nd3 31. Rb8 Bxd5 32. Bxd5 Rd7 33. Rxb7 Rxb7 34. Bxb7 Nxb4 35. Ke2 Kf7 36. Kd2 Ke6 37. Kc3 Nd5+ 38. Kc4 Nc7 39. Kc5 Kd7 40. Kb6 f5 41.
Bxa6 Kd6 42. Bb7 1-0

[Event "*** Titled Tuesday Blitz"]
[Site "Chess.com"]
[Date "2020.05.05"]
[Round "10"]
[White "Sesleria"]
[Black "Olga_Zhuravleva"]
[Result "0-1"]
[WhiteElo "2072"]
[BlackElo "2267"]
[TimeControl "180+1"]
[EndTime "11:59:53 PDT"]
[Termination "Olga_Zhuravleva won by checkmate"]

1. d4 g6 2. e4 Bg7 3. Nc3 d6 4. Nf3 Nc6 5. d5 Ne5 6. Be2 Nxf3+ 7. Bxf3 e5 8. dxe6 Bxe6 9. O-O Ne7 10. Be3 O-O 11.
Bd4 Nc6 12. Bxg7 Kxg7 13. b3 Qf6 14. Qd2 h6 15. Rad1 Rfe8 16. Nb5 Qe7 17. c4 a6 18.
Nc3 Rad8 19. Rfe1 Qf6 20. Be2 Bc8 21. Bf1 Qh4 22. g3 Qg4 23. Bg2 Ne5 24. Qe3 Qd7 25. h3 Qe7 26. Qd4 Kh7 27. f4 Nc6 28. Qd2 Be6 29.
Kh2 Qf8 30. Nd5 Bxd5 31. cxd5 Na7 32. Rc1 Rd7 33. a4 c5 34. dxc6 Nxc6 35. b4 Red8 36. b5 axb5 37. axb5 Ne7 38. Qb4 Ng8 39. Red1 Nf6 40.
Qd4 Qe7 41. b6 h5 42. Rc3 Ne8 43. Rdc1 Ng7 44. Bf3 Ne6 45. Qd5 Qf6 46. Kg2 Nc5 47. e5 dxe5 48. Qxc5 exf4 49. gxf4 Qxf4 50. R1c2 Rd2+ 51.
Kf1 Rxc2 52. Rxc2 Qxf3+ 53. Qf2 Rd1# 0-1

[Event "*** Titled Tuesday Blitz"]
[Site "Chess.com"]
[Date "2020.05.05"]
[Round "10"]
[White "chiwii"]
[Black "robertofabregas"]
[Result "0-1"]
[WhiteElo "2217"]
[BlackElo "2100"]
[TimeControl "180+1"]
[EndTime "11:59:55 PDT"]
[Termination "robertofabregas won by resignation"]

1. e4 c5 2. Nf3 d6 3. d4 cxd4 4. Nxd4 Nf6 5. Nc3 a6 6. Be2 b5 7.
a4 b4 8. Nd5 Nxd5 9. exd5 Bb7 10.
Bf3 g6 11. O-O Bg7 12. Re1 O-O 13. Bg5 Re8 14. c3 h6 15. Bh4 g5 16. Bg3 bxc3 17. bxc3 Nd7 18. Nc6 Bxc6 19. dxc6 Nc5 20. Qc2 Qc7 21.
Rad1 Rad8 22. Bh5 Qxc6 23. Qf5 Bf6 24. Bxf7+ Kxf7 25. Qh7+ Bg7 26. h4 Ne6 27. Qf5+ Bf6 28. Qxe6+ Kg7 29. hxg5 hxg5 30. f4 gxf4 31. Bxf4 Qxa4 32.
Qg4+ Kf7 33. Qh5+ Kg8 34. Qg6+ Kh8 35. Qh6+ Kg8 36. Re3 Qxd1+ 37. Kf2 Qd2+ 38. Re2 Qd3 39. Re3 Qh7 40. Rg3+ Kh8 41. Rh3 Qxh6 42. Rxh6+ Kg7 43. Rh1 Rh8 44. Re1 Rh5 45. Bg3 Ra5 46. Re4 Ra2+ 47. Kf3 Rc8 48. Rg4+ Kf7 49. Rf4 Rxc3+ 50. Kg4 Rac2 51.
Rf3 Rxf3 52. gxf3 Rc4+ 53. Bf4 a5 54. Kf5 Rxf4+ 55. Kxf4 a4 56. Ke4 a3 57. Kd5 a2 58.
Kc6 a1=Q 59. Kd7 0-1

[Event "*** Titled Tuesday Blitz"]
[Site "Chess.com"]
[Date "2020.05.05"]
[Round "10"]
[White "Volodar_Murzin"]
[Black "wonderfultime"]
[Result "1-0"]
[WhiteElo "2660"]
[BlackElo "2895"]
[TimeControl "180+1"]
[EndTime "11:59:56 PDT"]
[Termination "Volodar_Murzin won on time"]

1. Nf3 Nf6 2. g3 d5 3. Bg2 Bg4 4. O-O e6 5. d3 Be7 6. Nbd2 O-O 7. h3 Bh5 8. e4 c5 9. Re1 Nc6 10. c3 b5 11. Qe2 b4 12. Nf1 bxc3 13. bxc3 Bg6 14.
Nh4 Re8 15. Nxg6 hxg6 16. Nh2 Qa5 17. Bd2 dxe4 18. dxe4 Rad8 19. e5 Nxe5 20. Red1 c4 21. Nf3 Nd3 22. Nd4 Bc5 23. Nc6 Qa4 24. Be3 Bxe3 25.
Qxe3 Nd5 26. Bxd5 Rxd5 27. Nd4 Rb8 28. Rdb1 Rdd8 29. Qe2 e5 30. Nf3 Rb5 31. Ng5 Rxb1+ 32. Rxb1 f6 33. Ne6 Re8 34. Nc7 Rc8 35. Nd5 Qd7 36.
Qf3 Rd8 37. Ne3 Qe6 38. Qe4 Rc8 39. Qxg6 Qf7 40. Qg4 Rd8 41. Nf5 Kf8 42. Qh4 Nc5 43.
Qh8+ Qg8 44. Qh4 Qf7 45. Ne3 1-0